 Dungeon Crawl Stone Soup version 0.28.0-45-g0d030f2227 (webtiles) character file.

Game seed: 8069423995354613814

303 zeratav the Insei (level 6, -14/41 HPs)
             Began as an Octopode Transmuter on Apr 9, 2022.
             Demolished by Duvessa
             ... wielding a +0 rapier
              (19 damage)
             ... on level 4 of the Dungeon.
             The game lasted 00:11:11 (4745 turns).

zeratav the Insei (Octopode Transmuter)             Turns: 4745, Time: 00:11:12

Health: -14/41     AC:  1    Str:  9    XL:     6   Next: 38%
Magic:  9/9        EV: 14    Int: 16    God:
Gold:   131        SH:  0    Dex: 14    Spells: 8/9 levels left

rFire   . . .      SeeInvis +   q - +3 short sword {short}
rCold   . . .      Faith    .   (no shield)
rNeg    . . .      Spirit   .   (helmet currently unavailable)
rPois   .          Reflect  .   (no amulet)
rElec   .          Harm     .   o - ring of see invisible
rCorr   .          Rampage  .   (no ring)
Will    .....                   (no ring)
Stlth   +++.......              (no ring)
HPRegen 0.13/turn               (no ring)
MPRegen 0.11/turn               (no ring)
                                (no ring)
                                (no ring)

@: appendages (expiring)
A: tentacle spike 3, almost no armour, amphibious, 8 rings, camouflage 1,
gelatinous body 1, (nimble swimmer 1), tentacles
a: End Transformation


You were on level 4 of the Dungeon.
One of your tentacles had grown a beastly spike.
You visited 1 branch of the dungeon, and saw 4 of its levels.

You collected 131 gold pieces.


Innate Abilities, Weirdness & Mutations

One of your tentacles has grown a beastly spike.
You cannot wear most types of armour.
You are amphibious.
You can wear up to eight rings at the same time.
Your skin changes colour to match your surroundings (Stealth+).
Your rubbery body absorbs attacks. (AC +1, EV +1)
((You are camouflaged when in or above water. (Stealth+)))
You have tentacles for arms and can constrict up to eight enemies at once.


   Skills:
 + Level 2.7 Fighting
 + Level 3.3 Dodging
 + Level 3.7 Stealth
 * Level 4.9 Unarmed Combat
 - Level 2.0 Spellcasting
 - Level 2.0 Transmutations


You had 8 spell levels left.
You knew the following spells:

 Your Spells              Type           Power      Damage    Failure   Level
a - Beastly Appendage     Tmut           16%        N/A       9%          1

Your spell library contained the following spells:

 Spells                   Type           Power      Damage    Failure   Level
 Wereblood                Tmut           8%         N/A       14%         2
 Sandblast                Erth           2%         2d4       21%         1
 Summon Small Mammal      Summ           4%         N/A       21%         1
 Passwall                 Tmut/Erth      3%         N/A       21%         2
 Spider Form              Tmut/Pois      4%         N/A       38%         3
 Ignite Poison            Fire/Tmut/Pois 3%         N/A       43%         3
 Call Canine Familiar     Summ           1%         N/A       52%         3
 Mephitic Cloud           Conj/Pois/Air  1%         N/A       52%         3
 Stone Arrow              Conj/Erth      2%         3d7       52%         3
 Summon Guardian Golem    Hex/Summ       1%         N/A       52%         3
 Ice Form                 Ice/Tmut       4%         N/A       80%         4
 Freezing Cloud           Conj/Ice/Air   0%         6-21      99%         5
 Chain Lightning          Conj/Air       0%         2d1       100%        9
 Fire Storm               Conj/Fire      0%         6d1       100%        9
 Shatter                  Erth           0%         3d5*      100%        9

Inventory:

Hand Weapons
 q - a +3 short sword (weapon) {short}
   (You took it off an orc on level 4 of the Dungeon)
Jewellery
 o - a ring of see invisible (left tentacle)
   (You found it on level 3 of the Dungeon)
Scrolls
 c - 2 scrolls of teleportation {unknown}
 d - 5 scrolls of identify {unknown}
 h - a scroll of blinking {unknown}
 j - a scroll of magic mapping {unknown}
 m - a scroll of enchant weapon {unknown}
 n - a scroll of noise {unknown}
Potions
 a - a potion of lignification {unknown}
 b - a potion of ambrosia {unknown}
 e - 2 potions of flight {unknown}
 f - a potion of attraction {unknown}
 g - 2 potions of heal wounds {unknown}
 i - a potion of degeneration {unknown}
 l - a potion of brilliance {unknown}
 p - a potion of curing {unknown}

Dungeon Overview and Level Annotations

Branches:
Dungeon (4/15)
 Temple: D:4-7

Altars:
Ru

Annotations:
D:4 3 runed translucent doors, Duvessa; SBUDELSKY's ghost, amateur DsGl

##......### #.##
#.###..##### #...####
#..# #.###..# ##...#
##.# #......# .....# #.#
#.####.# ##..## #.# #.#
#.# ##.## #.# #.# #.#
...# ######.#####.# #.#
#..########............#
#.#
#............###@####.##
.# ##.###.........e.#
#.# .# #...r........####
#.# #####........# #.#
#......## #.. ......#
### # #######


You could see Duvessa (berserk).


Message History

You hit Dowan but do no damage.
Your tentacle spike misses Dowan.
Your transformation is almost over.
You constrict Dowan. Dowan hits you with a +0 dagger.
HP[-1]
You take 1 damage, and now have 23/41 hp.
You hit Dowan but do no damage.
You pierce Dowan, but do no damage.
You constrict Dowan.
An orc comes into view. It is wielding a +3 short sword.
Dowan casts a spell at you.
You are outlined in light.
You hit Dowan.
Dowan looks as sick as possible!
You pierce Dowan.
You constrict Dowan.
You kill Dowan!
You hear a distant scream of rage.
HP[+1]
You start resting.
Your tentacle spike disappears.
An orc is nearby!
One of your tentacles grows a vicious spike.
MP[-1]
You lost 1 mp, and now have 8/9 mp.
The orc hits you with a +3 short sword!
* * * LOW HITPOINT WARNING * * *
HP[-8]
You take 8 damage, and now have 16/41 hp.
You hit the orc but do no damage.
The orc is poisoned.
You grab the orc.
You pierce the orc, but do no damage.
You tentacle-slap the orc, but do no damage.
You squeeze the orc, but do no damage. You constrict the orc.
The orc closely misses you.
You hit the orc but do no damage.
You pierce the orc, but do no damage.
You squeeze the orc.
You constrict the orc, but do no damage.
You kill the orc!
c - 2 scrolls labelled JEDIRU YCAESUM (gained 1)
Things that are here:
a +3 short sword {short}; a +4 scale mail; an orc corpse
q - a +3 short sword {short} Your transformation is almost over.
Your tentacle spike disappears.
SBUDELSKY's ghost turns its malevolent gaze towards you.
You are no longer glowing.
Things that are here:
a +0 dagger {short}; a +0 robe; HP[+25] MP[+1]
Your hp is fully restored (41).
Your mp is fully restored (9).
Your +1 dagger of venom {short} stops dripping with poison.
q - a +3 short sword (weapon)
{short} You drop a +1 dagger of venom {short}.
Things that are here:
a +0 dagger {short}; a +0 robe Duvessa goes berserk!
Casting: Beastly Appendage (safe; 9% risk of failure)
Confirm with . or Enter, or press ? or * to list all spells.
One of your tentacles grows a vicious spike.
MP[-1]
You lost 1 mp, and now have 8/9 mp.
Casting: Beastly Appendage (safe; 9% risk of failure)
Confirm with . or Enter, or press ? or * to list all spells.
You don't know that spell.
Okay, then.
Duvessa completely misses you.
You hit Duvessa but do no damage. You grab Duvessa.
You pierce Duvessa, but do no damage.
You constrict Duvessa, but do no damage.
Duvessa closely misses you.
You hit Duvessa but do no damage.
You tentacle-slap Duvessa, but do no damage.
You squeeze Duvessa, but do no damage.
You constrict Duvessa, but do no damage.
Duvessa misses you. Duvessa closely misses you.
You hit Duvessa but do no damage.
You pierce Duvessa.
Your transformation is almost over.
You constrict Duvessa, but do no damage.
Duvessa hits you with a +0 rapier! Duvessa closely misses you.
HP[-16]
You take 16 damage, and now have 25/41 hp.
MASSIVE DAMAGE!! (PAUSE)
You hit Duvessa but do no damage.
You pierce Duvessa.
You squeeze Duvessa! You constrict Duvessa. Duvessa completely misses you.
MP[+1]
Your mp is fully restored (9).
You hit Duvessa.
You pierce Duvessa, but do no damage.
You squeeze Duvessa.
You constrict Duvessa, but do no damage.
Duvessa barely misses you. Duvessa closely misses you.
HP[+1]
You hit Duvessa.
Your tentacle spike misses Duvessa.
You constrict Duvessa, but do no damage.
Duvessa barely misses you. x2
You hit Duvessa but do no damage. You squeeze Duvessa, but do no damage.
You constrict Duvessa, but do no damage.
Duvessa hits you with a +0 rapier!!
Ouch! That really hurt!
* * * LOW HITPOINT WARNING * * *
HP[-21]
You take 21 damage, and now have 5/41 hp.
MASSIVE DAMAGE!! (PAUSE)
You hit Duvessa but do no damage.
You pierce Duvessa, but do no damage.
You constrict Duvessa. Duvessa barely misses you.
Duvessa hits you with a +0 rapier!!
You die...

Skill      XL: |  1  2  3  4  5 |
---------------+----------------+-----
Stealth        | 1 2 3 |  3.7
Unarmed Combat | 4 |  4.9
Fighting       | 2 |  2.7
Dodging        | 3 |  3.3
Spellcasting   | |  2.0
Transmutations | |  2.0

Action                   |  1- 3 |  4- 6 || total
-------------------------+-------+-------++-------
Melee: Unarmed           |    56 |       ||    56
       Constrict         |    15 |    27 ||    42
       Kick              |    17 |    39 ||    56
       Tentacles         |    11 |    24 ||    35
       Punch             |     2 |     7 ||     9
       Dagger            |    17 |    72 ||    89
       Short sword       |       |     8 ||     8
 Cast: Beastly Appendage |    32 |    21 ||    53
 Stab: Sleeping          |     7 |     6 ||    13
       Paralysed         |       |     1 ||     1
Armor: Skin              |     2 |     4 ||     6
Dodge: Dodged            |    35 |    43 ||    78

Levels and vault maps discovered:
D:1:      dpeg_arrival_stonehenge_12_columns, layout_basic, serial_forest,
          infiniplex_forest_clump_medium, infiniplex_forest_lined_2,
          infiniplex_forest_clump_diagonal, infiniplex_forest_lined_3,
          infiniplex_forest_lined_3_way, infiniplex_forest_end_3,
          infiniplex_forest_corner_2, infiniplex_forest_straight_3,
          infiniplex_forest_lined_4_way, infiniplex_forest_straight_2,
          shapermc_ecumenical_altar_pompeii
D:2:      layout_basic, uniq_terence
D:3:      kennysheep_slugbush, layout_basic,
          nicolae_ru_great_annihilating_truth, serial_bayou,
          serial_bayou_pond_b, serial_bayou_pond_c, serial_bayou_shore_a,
          serial_bayou_shore_b, kennysheep_generic_room_5
D:4:      layout_loops_ring, ebering_ghost_rock_garden, hangedman_decor_lopped,
          uniq_robin, uniq_duvessa

Notes
Turn   | Place    | Note
-------+----------+-------------------------------------------
     0 | D:1      | zeratav the Octopode Transmuter began the quest for the
                  | Orb.
     0 | D:1      | Reached XP level 1. HP: 13/13 MP: 3/3
     0 | D:1      | magus.rc [v1.9.6]
    78 | D:1      | You pick up a book of Geomancy and begin reading...
    78 | D:1      | You add the spells Sandblast, Passwall and Stone Arrow to
                  | your library.
   341 | D:1      | Reached XP level 2. HP: 18/18 MP: 3/5
   496 | D:1      | Found a faded altar of an unknown god.
   511 | D:1      | Reached skill level 1 in Stealth
  1577 | D:2      | Reached XP level 3. HP: 23/23 MP: 4/6
  1882 | D:2      | You pick up a book of Callings and begin reading...
  1882 | D:2      | You add the spells Summon Small Mammal, Call Canine
                  | Familiar and Summon Guardian Golem to your library.
  2137 | D:2      | You fall into a shaft and drop 1 floor!
  2270 | D:3      | Found a sacrificial altar of Ru.
  2432 | D:3      | Reached skill level 2 in Stealth
  2448 | D:3      | Reached XP level 4. HP: 25/29 MP: 5/7
  2677 | D:3      | Reached skill level 4 in Unarmed Combat
  2731 | D:3      | Reached skill level 2 in Fighting
  2953 | D:3      | Reached XP level 5. HP: 30/34 MP: 6/8
  3393 | D:3      | You add the spells Ignite Poison, Mephitic Cloud and
                  | Freezing Cloud to your library.
  3435 | D:4      | You pick up a book of Annihilations and begin reading...
  3435 | D:4      | You add the spells Chain Lightning, Fire Storm and Shatter
                  | to your library.
  3552 | D:4      | Found a runed translucent gate.
  3553 | D:4      | Found a runed translucent gate.
  3553 | D:4      | Found a runed translucent gate.
  3558 | D:4      | Noticed SBUDELSKY's ghost (amateur DsGl)
  3732 | D:4      | Reached skill level 3 in Dodging
  3732 | D:4      | Reached skill level 3 in Stealth
  3759 | D:4      | Noticed Dowan
  3763 | D:4      | Noticed Duvessa
  3987 | D:4      | Noticed Robin
  4043 | D:4      | HP: 2/35 [iguana (9)]
  4045 | D:4      | Reached XP level 6. HP: 3/41 MP: 9/9
  4378 | D:4      | Killed Robin
  4510 | D:4      | Killed Dowan
  4744 | D:4      | HP: 5/41 [Duvessa/+0 rapier (21)]
  4745 | D:4      | Demolished by Duvessa

Vanquished Creatures
  A scorpion (D:4)
  Dowan (D:4)
  A hound (D:3)
  An iguana (D:4)
  An orc wizard (D:3)
  Robin (D:4)
  An adder (D:3)
  An ufetubus (D:4)
  7 dart slugs
  5 orcs
  6 ball pythons
  A bat (D:1)
  6 endoplasms
  A giant cockroach (D:3)
  11 goblins
  7 hobgoblins
  6 jackals
  2 quokkas
  6 frilled lizards
  4 kobolds
  5 rats
75 creatures vanquished.

Vanquished Creatures (others)
  8 plants (D:3)
8 creatures vanquished.

Grand Total: 83 creatures vanquished

Table legend:
 A = Non-vault XP
 B = Vault XP
 C = Vault XP percentage of total XP
 D = Non-vault monster count
 E = Vault monster count
 F = Vault count percentage of total count
                 A         B        C        D         E       F
            +---------+---------+-------+---------+---------+-------
      Total |     260 |     174 |  40.1 |      49 |      26 |  34.7
            +---------+---------+-------+---------+---------+-------
        D:1 |      31 |       0 |   0.0 |      18 |       0 |   0.0
        D:2 |      18 |       0 |   0.0 |      11 |       0 |   0.0
        D:3 |      69 |      72 |  51.1 |      10 |      14 |  58.3
        D:4 |     142 |     102 |  41.8 |      10 |      12 |  54.5
            +---------+---------+-------+---------+---------+-------

Illustrated notes

Table legend:
 A = Kills in this place as a percentage of kills in entire the game.
 B = Kills by you in this place as a percentage of kills by you in the entire game.
 C = Kills by friends in this place as a percentage of kills by friends in the entire game.
 D = Other kills in this place as a percentage of other kills in the entire game.
 E = Experience gained in this place as a percentage of experience gained in the entire game.
 F = Experience gained in this place divided by the number of levels of this place that you have seen.
                   A       B       C       D       E      F
               +-------+-------+-------+-------+-------+----------------------
         Total | 100.0 | 100.0 |   N/A |   N/A | 100.0 | 108.5
       Dungeon | 100.0 | 100.0 |   N/A |   N/A | 100.0 | 108.5
               +-------+-------+-------+-------+-------+----------------------

Table legend: (Time is in decaauts)
 A = Elapsed time spent in this place.
 B = Non-inter-level travel time spent in this place.
 C = Inter-level travel time spent in this place.
 D = Time resting spent in this place.
 E = Time spent auto-exploring this place.
 F = Levels seen in this place.
 G = Mean time per level.
                   A        B        C        D        E       F      G
               +--------+--------+--------+--------+--------+-----+--------+
         Total |   4741 |   4707 |     34 |    441 |   3652 |   4 | 1185.2 |
       Dungeon |   4741 |   4707 |     34 |    441 |   3652 |   4 | 1185.2 |
               +--------+--------+--------+--------+--------+-----+--------+

Top non-repeatable levels by time:
     D:1: 1569 daAuts
     D:3: 1567 daAuts
     D:4: 1040 daAuts
     D:2: 563 daAuts
